Map: Deathaura LE

Players

LiquidMaNa (MaNa) - Winner!

  • Race: Protoss Protoss
  • League: Grandmaster
  • Spawn Location: 11:00

ShaDoWn

  • Race: Protoss Protoss
  • Spawn Location: 5:00

Event: DreamHack SC2 Masters 2020 Winter

VOD

Have the link to the VOD?

Description

Time

  • Played on: Oct. 27, 2020, 12:16 p.m.
  • Length: 7:25

All games in this series

Show
View Real Time Build Order
Export as new Build Order

LiquidMaNa Protoss - Winner!

Build Orders:  

Get SALT Encoding   

  12  0:00  Probe  
  13  0:12  Probe  
  14  0:17  Pylon  
  14  0:24  Probe (Chrono Boost)  
  16  0:36  Gateway, Probe (Chrono Boost)  
  16  0:42  Probe (Chrono Boost)  
  16  0:47  Assimilator  
  17  0:51  Probe  
  18  1:03  Probe  
  19  1:05  Assimilator  
  19  1:07  Gateway  
  19  1:15  Probe  
  20  1:23  Cybernetics Core  
  20  1:27  Probe  
  20  1:31  Pylon  
  21  1:39  Probe  
  22  1:51  Probe  
  23  1:57  Warp Gate (Chrono Boost)  
  23  1:59  Adept x2  
  27  2:03  Probe  
  28  2:10  Pylon  
  28  2:15  Probe  
  29  2:29  Adept x2  
  33  2:34  Pylon  
  33  2:35  Probe  
  33  2:47  Probe  
  34  2:57  Nexus  
  34  3:08  Adept  
  34  3:09  Adept  
  38  3:17  Pylon  
  38  3:19  Probe  
  39  3:33  Pylon  
  39  3:35  Probe  
  40  3:47  Probe  
  41  3:49  Stalker x2  
  43  3:59  Probe (Chrono Boost)  
  42  4:04  Twilight Council  
  43  4:10  Probe (Chrono Boost)  
  43  4:12  Stalker, Probe (Chrono Boost)  
  43  4:15  Probe (Chrono Boost)  
  44  4:25  Probe  
  44  4:31  Stalker  
  45  4:33  Probe  
  45  4:34  Blink (Chrono Boost)  
  45  4:35  Shield Battery  
  46  4:39  Probe  
  47  4:48  Probe, Sentry  
  47  4:52  Robotics Facility  
  48  4:55  Probe, Sentry  
  51  5:00  Probe  
  51  5:02  Pylon  
  52  5:10  Gateway  
  53  5:15  Stalker  
  54  5:21  Gateway  
  54  5:22  Probe (Chrono Boost)  
  54  5:27  Stalker  
  55  5:29  Probe (Chrono Boost)  
  55  5:34  Probe (Chrono Boost)  
  57  5:37  Forge  
  57  5:39  Observer, Probe (Chrono Boost)  
  57  5:41  Probe (Chrono Boost)  
  60  5:45  Stalker  
  62  5:57  Nexus  
  62  5:59  Probe  
  62  6:00  Probe  
  64  6:06  Observer  
  64  6:10  Pylon  
  65  6:16  Stalker x2  
  65  6:17  Probe  
  68  6:23  Stalker  
  70  6:28  Stalker  
  72  6:34  Probe x2  
  74  6:42  Gateway  
  74  6:46  Stalker x2  
  78  6:47  Gateway  
  78  7:09  Stalker x4, Probe x2  
Show
View Real Time Build Order
Export as new Build Order

ShaDoWn Protoss 

Build Orders: Oracle Opening 

Get SALT Encoding   

  12  0:00  Probe  
  13  0:12  Probe  
  14  0:17  Pylon  
  14  0:24  Probe (Chrono Boost)  
  15  0:36  Probe (Chrono Boost)  
  15  0:37  Gateway  
  16  0:44  Probe (Chrono Boost)  
  16  0:47  Assimilator  
  17  0:51  Probe  
  18  1:03  Pylon, Probe  
  19  1:10  Gateway  
  19  1:15  Probe (Chrono Boost)  
  20  1:22  Assimilator  
  21  1:25  Probe (Chrono Boost)  
  21  1:26  Cybernetics Core  
  21  1:30  Probe (Chrono Boost)  
  22  1:35  Pylon  
  22  1:41  Probe  
  23  1:53  Probe  
  24  2:00  Warp Gate (Chrono Boost)  
  24  2:03  Adept x2  
  24  2:06  Probe  
  29  2:10  Pylon  
  29  2:33  Adept x2  
  29  2:37  Stargate  
  33  2:38  Probe  
  33  3:00  Nexus  
  33  3:06  Probe  
  33  3:11  Shield Battery  
  34  3:17  Oracle (Chrono Boost)  
  34  3:24  Shield Battery  
  37  3:29  Shield Battery  
  37  3:32  Pylon  
  37  3:35  Probe  
  37  3:53  Stalker x2  
  34  3:55  Probe  
  31  4:08  Probe  
  30  4:13  Probe  
  30  4:18  Stalker  
  30  4:20  Probe (Chrono Boost)  
  29  4:25  Probe (Chrono Boost)  
  28  4:32  Probe (Chrono Boost)  
  28  4:37  Probe (Chrono Boost)  
  30  4:41  Probe (Chrono Boost)  
  30  4:43  Probe (Chrono Boost)  
  32  4:46  Probe  
  32  4:51  Probe  
  34  4:53  Sentry  
  34  4:57  Sentry  
  34  4:58  Probe  
  39  5:03  Probe  
  40  5:10  Probe  
  40  5:11  Twilight Council  
  41  5:15  Probe (Chrono Boost)  
  42  5:26  Probe (Chrono Boost)  
  42  5:28  Probe (Chrono Boost)  
  44  5:30  Forge  
  46  5:36  Probe (Chrono Boost)  
  46  5:37  Probe (Chrono Boost)  
  46  5:42  Stalker  
  49  5:43  Probe (Chrono Boost)  
  49  5:45  Probe (Chrono Boost)  
  49  5:49  Probe  
  50  5:54  Stalker, Probe  
  50  5:56  Assimilator  
  54  6:01  Probe  
  55  6:06  Probe  
  56  6:13  Probe  
  56  6:15  Nexus  
  57  6:19  Probe  
  57  6:25  Probe  
  59  6:26  Stalker  
  59  6:29  Pylon  
  61  6:33  Probe  
  61  6:38  Pylon  
  62  6:47  Gateway, Probe  
  61  6:56  Stalker x2  
  61  6:58  Shield Battery  
  61  7:00  Probe  
  64  7:05  Probe  
  57  7:12  Probe  
Tags
 
Add a new tag
Caveats
  • Supply blocks, unpowered buildings, or Contaminate may cause inaccurate times.
  • Supply counts are checked every 10 seconds.